 Dungeon Crawl Stone Soup version 0.32-a0-814-g0968bab981 (webtiles) character file.

Game seed: 16710665301553437022

1978 BigDaddyOpFi the Trooper (level 9, -15/106 HPs)
             Began as a Coglin Fighter on Mar 22, 2024.
             Was an Initiate of Ashenzari.
             Demolished by a two-headed ogre
             ... wielding a +0 dire flail
              (22 damage)
             ... on level 6 of the Dungeon.
             The game lasted 00:05:19 (5429 turns).

BigDaddyOpFi the Trooper (Coglin Fighter)           Turns: 5429, Time: 00:05:19

Health: -15/106    AC: 24    Str: 22    XL:     9   Next: 20%
Magic:  9/9        EV:  2    Int:  7    God:    Ashenzari [......]
Gold:   284        SH:  0    Dex: 13    Spells: 8/8 levels left

rFire   + . .        f - +5 woodcutter's axe
rCold   + . .        (shield currently unavailable)
rNeg    . . .        b - melded +0 scale mail
rPois   +            (helmet currently unavailable)
rElec   +            e - melded +0 cloak "Fum Noi" {rElec Slay+5}
rCorr   +            (gloves currently unavailable)
SInv    .            (boots currently unavailable)
Will    .....        (no amulet)
Stlth   +            (no ring)
HPRegen 0.37/turn    (no ring)
MPRegen 0.11/turn    (no gizmo)

%: no passive effects
@: brilliant, tree-form, resistant, attractive, revving
A: stationary, stasis, torment immunity, boosted hp, off-hand wielding, slow
wielding, warmup strikes, (no jewellery)
a: Invent Gizmo, Renounce Religion


You were on level 6 of the Dungeon.
You worshipped Ashenzari.
Ashenzari was noncommittal.
You were a tree.
You visited 2 branches of the dungeon, and saw 7 of its levels.

You collected 284 gold pieces.

Inventory:

Hand Weapons
 a - a +0 war axe {Elena}
 f - the +5 woodcutter's axe (weapon)
   (You found it on level 5 of the Dungeon)
 g - a +2 hand axe of venom {Diego}
 h - the +7 hand axe "Egur" {heavy, Int+2 Stlth+}
   (You found it on level 5 of the Dungeon)

   Int+2:     It affects your intelligence (+2).
   Stlth+:    It makes you more stealthy.
Armour
 b - a +0 scale mail (melded)
 c - a +0 buckler
 e - the +0 cloak "Fum Noi" (melded) {rElec Slay+5}
   (You acquired it on level 5 of the Dungeon)

   Slay+5:    It affects your accuracy & damage with ranged weapons and melee
   (+5).
   rElec:     It insulates you from electricity.
Wands
 i - a wand of flame (22)
Scrolls
 j - 2 scrolls of blinking
 k - a scroll of fog
 l - a scroll of revelation
 p - a scroll of immolation
 r - a scroll of torment
Potions
 d - a potion of degeneration
 n - a potion of invisibility


   Skills:
 + Level 6.6 Fighting
 + Level 6.1 Axes
 + Level 6.0 Armour
 + Level 4.9 Shields


You had 8 spell levels left.
You didn't know any spells.
Your spell library contained the following spells:

 Spells                   Type           Power      Damage    Failure   Level
 Apportation              Tloc           0%         N/A       43%         1
 Foxfire                  Conj/Fire      0%         2x1d4     43%         1
 Necrotise                Necr           0%         1d4       43%         1
 Sting                    Conj/Alch      0%         1d3       43%         1
 Summon Small Mammal      Summ           0%         N/A       43%         1
 Vampiric Draining        Necr           0%         2d6       80%         3
 Martyr's Knell           Necr/Summ      0%         N/A       99%         4
 Curse of Agony           Necr           0%         N/A       100%        5
 Plasma Beam              Fire/Air       0%         2x1d10    100%        6
 Starburst                Conj/Fire      0%         6d3       100%        6


Dungeon Overview and Level Annotations

Branches:
Dungeon (6/15)             Temple (1/1) D:6

Altars:
Ashenzari
Cheibriados
Dithmenos
Elyvilon
Fedhas
Gozag
Hepliaklqana
Kikubaaqudgha
Makhleb
Nemelex Xobeh
Okawaru
Qazlal
Ru
Sif Muna
Trog
Uskayaw
Vehumet
Wu Jian
Xom
Yredelemnul
Zin
The Shining One


Innate Abilities, Weirdness & Mutations

You are a tree.
Your roots penetrate the ground, keeping you stationary.
You cannot be teleported.
You are immune to unholy pain and torment.
Your maximum health is greatly increased.
Your equipment is partially melded.
You can wield a second weapon in your off-hand.
It takes a long time for you to wield or remove held weapons.
Your first few attacks do less damage.
((You cannot equip rings or amulets.))


Message History

Things that are here:
a +0 short sword; a +0 chain mail A two-headed ogre comes into view.
It is wielding a +0 dire flail and a +0 giant club.
Found 12 gold pieces and a potion of heal wounds.
The two-headed ogre shouts in stereo!
A cyclops comes into view.
Found a ring mail, a glowing glaive, 30 gold pieces and a quarterstaff.
You hit the two-headed ogre.
The two-headed ogre is lightly wounded.
The two-headed ogre barely misses you.
The two-headed ogre hits you with a +0 giant club!!
You turn into a tree.
The +0 cloak "Fum Noi" {rElec Slay+5} melds into your body.
Your +0 scale mail melds into your body.
Your roots penetrate the ground.
The two-headed ogre hits you with a +0 dire flail.
The two-headed ogre hits you with a +0 giant club.
It was a potion of attraction.
You feel attractive to monsters.
It was a potion of brilliance.
You feel clever all of a sudden.
The two-headed ogre hits you but does no damage.
The two-headed ogre hits you with a +0 giant club.
It was a potion of resistance.
You feel protected.
The two-headed ogre hits you with a +0 dire flail.
The two-headed ogre hits you but does no damage.
You hit the two-headed ogre.
The two-headed ogre is lightly wounded.
You slash the two-headed ogre!
The two-headed ogre is moderately wounded.
The two-headed ogre hits you with a +0 dire flail!
The two-headed ogre hits you with a +0 giant club!
* * * LOW HITPOINT WARNING * * *
As you read the scroll of identify, it crumbles to dust.
k - a scroll of fog The two-headed ogre hits you with a +0 dire flail!
* * * LOW HITPOINT WARNING * * *
The two-headed ogre hits you with a +0 giant club!!
You die...

....# ##........#..#
....# ###......#..#
....# ##..)###..# ....#
###))....####### ....#
#...###......... ....#
##.### #..#########
....# #..# #..÷...)...#
#####
#..########.#####.#
#..#.♣OC.!#...# #)#
#..#..#[)$#.#.# #.#
#..#..# .)#.#.# #.#
#..#..#####.#.# #.#
#..#...)..#.#.# #.#
#..#......#...# #.#
.#####..#####..#.#####.#
.....#..#......#.#.....#
.....#..#......#.#.# ###


You could see a two-headed ogre and a cyclops.

Vanquished Creatures
  Pikel (D:5)
  An orc warrior (D:6)
  A black bear (D:4)
  2 ogres (D:5)
  2 lemures (D:5)
  2 gnoll sergeants
  3 scorpions
  A bullfrog (D:6)
  A bombardier beetle (D:6)
  2 hounds
  4 jellies
  2 gnoll boudas
  3 iguanas
  3 orc wizards
  Robin (D:2)
  23 gnolls
  3 adders
  An ufetubus (D:6)
  2 ribbon worms (D:5)
  A dart slug (D:2)
  18 orcs
  5 ball pythons
  8 endoplasms
  17 goblins
  10 hobgoblins
  9 jackals
  2 quokkas
  2 bats (D:1)
  11 kobolds
  2 rats
143 creatures vanquished.

Notes
Turn   | Place    | Note
-------+----------+-------------------------------------------
     0 | D:1      | BigDaddyOpFi the Coglin Fighter began the quest for the
                  | Orb.
     0 | D:1      | Reached XP level 1. HP: 18/18 MP: 1/1
   153 | D:1      | Reached XP level 2. HP: 21/24 MP: 2/2
   438 | D:1      | Reached XP level 3. HP: 28/29 MP: 3/3
   529 | D:1      | Found a faded altar of an unknown god.
   883 | D:2      | Noticed Robin
   889 | D:2      | Killed Robin
   895 | D:2      | Reached XP level 4. HP: 23/35 MP: 4/4
  1001 | D:2      | Found a glowing silver altar of Zin.
  2397 | D:4      | Reached XP level 5. HP: 42/42 MP: 5/5
  2484 | D:4      | Noticed a black bear
  2489 | D:4      | Killed a black bear
  2490 | D:4      | Reached XP level 6. HP: 41/48 MP: 6/6
  2660 | D:5      | Entered Level 5 of the Dungeon
  2663 | D:5      | Identified a scroll of acquirement
  2669 | D:5      | Acquired the +0 cloak "Fum Noi" {rElec Slay+5}
  2819 | D:5      | Found an iron altar of Okawaru.
  2825 | D:5      | Reached XP level 7. HP: 33/55 MP: 7/7
  3068 | D:5      | Noticed Pikel
  3093 | D:5      | Killed Pikel
  3094 | D:5      | Reached skill level 5 in Fighting
  3094 | D:5      | Reached skill level 5 in Axes
  3094 | D:5      | Reached skill level 5 in Armour
  3094 | D:5      | Reached XP level 8. HP: 35/63 MP: 8/8
  3290 | D:5      | Found the +5 woodcutter's axe
  3364 | D:5      | Identified the +7 hand axe "Egur" {heavy, Int+2 Stlth+}
  4881 | D:6      | Found a staircase to the Ecumenical Temple.
  4916 | Temple   | Entered the Ecumenical Temple
  4994 | Temple   | Became a worshipper of Ashenzari the Shackled
  5058 | D:6      | Reached XP level 9. HP: 30/70 MP: 9/9
  5420 | D:6      | Noticed a two-headed ogre
  5421 | D:6      | Noticed a cyclops
  5429 | D:6      | Demolished by a two-headed ogre

Illustrated notes

Levels and vault maps discovered:
D:1:      sevenhm_arrival_forest_fort_small_3, layout_loops_ring,
          ebering_ecumenical_altar_mist, minmay_cupped
D:2:      kennysheep_big_flooded_room, layout_basic, basic_altar, serial_curves,
          eino_curves_04, eino_curves_02, uniq_robin
D:3:      layout_basic, serial_curves, eino_curves_04, eino_curves_03,
          eino_curves_01
D:4:      layout_basic
D:5:      layout_loops_ring, okawaru_metal_pillars_3,
          pf_guarded_unrand_woodcutter, uniq_pikel
D:6:      kennysheep_windowed_halls, layout_basic, minmay_temple_entry_grid,
          corexii_corridor_pit
Temple:   mainiacjoe_temple_archimedes_tessellation

Skill      XL: |  1  2  3  4  5  6  7  8  9 |
---------------+----------------------------+-----
Armour         | 3 4 5 6 |  6.0
Axes           | 3 4 5 6 |  6.1
Fighting       | 4 5 6 |  6.6
Shields        | 3 4 |  4.9

Action                     |  1- 3 |  4- 6 |  7- 9 || total
---------------------------+-------+-------+-------++-------
  Melee: War axe           |    73 |    63 |    54 ||   190
         Hand axe          |    22 |    66 |    57 ||   145
         Battleaxe         |       |       |    56 ||    56
    Use: Potion            |     1 |     1 |     9 ||    11
         Scroll            |       |     9 |     1 ||    10
 Armour: Scale mail        |    64 |    56 |   119 ||   239
         Skin              |       |       |    26 ||    26
  Dodge: Dodged            |    25 |    30 |    68 ||   123
  Block: Buckler           |     7 |       |       ||     7

Table legend: (Time is in decaauts)
 A = Elapsed time spent in this place.
 B = Non-inter-level travel time spent in this place.
 C = Inter-level travel time spent in this place.
 D = Time resting spent in this place.
 E = Time spent auto-exploring this place.
 F = Levels seen in this place.
 G = Mean time per level.
                   A        B        C        D        E       F      G
               +--------+--------+--------+--------+--------+-----+--------+
         Total |   5486 |   5260 |    226 |    800 |   3584 |   7 |  783.7 |
       Dungeon |   5360 |   5181 |    179 |    800 |   3584 |   6 |  893.3 |
        Temple |    125 |     78 |     47 |      0 |      0 |   1 |  125.0 |
               +--------+--------+--------+--------+--------+-----+--------+

Top non-repeatable levels by time:
     D:5: 1969 daAuts
     D:3: 897 daAuts
     D:1: 802 daAuts
     D:6: 689 daAuts
     D:2: 686 daAuts
     D:4: 316 daAuts
  Temple: 125 daAuts
